cohdb
Replays
Latest Replays
All Replays
Popular Replays
Top Player Replays
Match Explorer
How It Works
Community
CoH3 Stats
Reddit
Sign in to upload your games and track your stats! →
Sign in with Steam
Match 27395719
Unlisted
Match 27395719
Overview
Messages
Build Orders
End
Vickers Machine Gun Team
Construct Section Command Post
Selects Heavy Armor Battlegroup
Infantry Section
Infantry Section
Selects Rigorous Vehicle Training
Infantry Section
Construct Platoon Command Post
Forward Retreat Point
Humber Armored Car
Grenade Package
Royal Engineer Section
Infantry Section
6-pounder Anti-tank Gun Team
.w3rd.
Made in Germany
Rohrschacht
REXJUPITER
Piratatuga2
skopcak
savage uncaged
<<<<
0
0
Comments
sign in to comment!
No comments posted yet!